 Dungeon Crawl Stone Soup version 0.26.1-2-gb8aa6d0cf2 (webtiles) character file.

Game seed: 10720062715092101335

339 MalarOregon the Vandal (level 6, 0/41 HPs)
             Began as a Halfling Hunter on Mar 25, 2021.
             Slain by a lemure (1 damage)
             ... led by Pikel
             ... on level 3 of the Dungeon.
             The game lasted 00:08:55 (4499 turns).

MalarOregon the Vandal (Halfling Hunter)            Turns: 4499, Time: 00:08:56

Health: 0/41       AC:  6    Str: 14 (15) XL:     6   Next: 86%
Magic:  6/6        EV: 15    Int:  8 (9)  God:
Gold:   143        SH:  0    Dex: 13 (15) Spells: 5/5 levels left

rFire    . . .     SeeInvis .   b - +0 short sword
rCold    . . .     Faith    .   (shield restricted)
rNeg     + . .     Spirit   .   c - +0 leather armour
rPois    .         Reflect  .   (no helmet)
rElec    .         Harm     .   (no cloak)
rCorr    .         Rampage  .   (no gloves)
Will     .....                  f - +2 pair of boots
Stlth    +++.......             (no amulet)
HPRegen  0.13/turn              s - ring of positive energy
MPRegen  0.10/turn              h - ring of stealth

@: no status effects
A: small, mutation resistance 1
a: no special abilities


You were on level 3 of the Dungeon.
You visited 1 branch of the dungeon, and saw 4 of its levels.

You collected 143 gold pieces.

Inventory:

Hand Weapons
 a - a +1 hunting sling
 b - a +0 short sword (weapon)
Missiles
 d - 16 sling bullets
 m - 108 stones (quivered)
Armour
 c - a +0 leather armour (worn)
 f - a +2 pair of boots (worn)
   (You found it on level 1 of the Dungeon)
Jewellery
 h - a ring of stealth (right hand)
   (You found it on level 1 of the Dungeon)
 l - an uncursed ring of ice
   (You found it on level 2 of the Dungeon)
 s - a ring of positive energy (left hand)
   (You found it on level 2 of the Dungeon)
Scrolls
 g - 2 scrolls of magic mapping {unknown}
 i - 3 scrolls of identify {unknown}
 j - 2 scrolls of fog {unknown}
 o - 2 scrolls of amnesia {unknown}
 r - 3 scrolls of noise {unknown}
 u - a scroll of teleportation {unknown}
Potions
 k - 2 potions of attraction {unknown}
 n - a potion of flight


   Skills:
 + Level 2.5 Fighting
 * Level 4.0 Short Blades
 * Level 7.8 Slings
 + Level 2.2 Armour
 + Level 3.0 Dodging
 - Level 2.0 Stealth


You had 5 spell levels left.
You didn't know any spells.
Your spell library was empty.

Dungeon Overview and Level Annotations

Branches:
Dungeon (4/15)
 Temple: D:4-7

Altars:
Dithmenos

Annotations:
D:3 Pikel


Innate Abilities, Weirdness & Mutations

You are small and have problems with some larger weapons.
You are somewhat resistant to further mutation.


Message History

Unknown command.
It was a potion of invisibility.
You fade into invisibility!
Pikel closely misses you. The lemure closely misses you.
The lemure barely misses you.
You are very lightly contaminated with residual magic.
Fire: 17 sling bullets
Aim: Pikel, wielding a +2 whip of flaming and wearing a +0 robe (moderately wounded, 58% to hit)
You shoot a sling bullet.
The sling bullet hits Pikel but does no damage.
Pikel barely misses you. The lemure misses you.
The lemure hits you but does no damage.
You are now empty-handed.
Pikel closely misses you.
b - a +0 short sword (weapon)
You miss Pikel.
Pikel says, "You'll make a fine lemure."
Pikel completely misses you. The lemure hits you.
* * * LOW HITPOINT WARNING * * *
The lemure barely misses you.
It was a potion of flight.
You feel very buoyant.
You fly up into the air.
Pikel barely misses you. The lemure barely misses you.
It was a potion of mutation.
You feel extremely strange.
Pikel hits you with a +2 whip of flaming.
* * * LOW HITPOINT WARNING * * *
Pikel burns you.
* * * LOW HITPOINT WARNING * * *
The lemure barely misses you. The lemure misses you.
Unknown command.
It was a potion of cancellation.
Your magical effects are unravelling.
You feel magically purged.
Your magical contamination has completely faded away.
You float gracefully downwards.
You flicker back into view.
Pikel hits you with a +2 whip of flaming.
* * * LOW HITPOINT WARNING * * *
Pikel burns you.
* * * LOW HITPOINT WARNING * * *
The lemure closely misses you. x2
Unknown command.
It was a potion of degeneration.
There was something very wrong with that liquid.
You feel weakened.
You feel dopey.
You feel clumsy.
Pikel hits you with a +2 whip of flaming.
* * * LOW HITPOINT WARNING * * *
Pikel burns you.
* * * LOW HITPOINT WARNING * * *
The lemure barely misses you. The lemure hits you.
You die...

###...###.#####
##....## #......
##..##.# #######
###### #..###.#
#..<.# #.###..#
#....###.# #.##
###### #........# #.#
#..... #....##### #.#
###.#### #.....5@##
#.####...#
#....##K5###.##...###
# #....###).......###
# ###### ##....####
## ##.#>..#########.
##..##.....)).....
##...........#..)<.
#..#........######.
#######.##........#
##


You could see Pikel and 2 lemures.

Vanquished Creatures
  A bullfrog zombie (D:2)
  An orc priest (D:3)
  A hound (D:3)
  A worker ant (D:3)
  5 gnolls
  6 adders
  6 worms
  2 dart slugs
  A leopard gecko (D:2)
  5 orcs
  2 giant cockroaches (D:2)
  13 goblins
  16 hobgoblins
  7 jackals (D:3)
  8 bats
  7 frilled lizards
  8 kobolds
  9 rats
99 creatures vanquished.

Notes
Turn   | Place    | Note
-------+----------+-------------------------------------------
     0 | D:1      | MalarOregon the Halfling Hunter began the quest for the
                  | Orb.
     0 | D:1      | Reached XP level 1. HP: 14/14 MP: 1/1
    55 | D:1      | Reached skill level 6 in Slings
   327 | D:1      | Reached XP level 2. HP: 19/19 MP: 2/2
   734 | D:1      | Reached skill level 1 in Short Blades
   734 | D:1      | Reached XP level 3. HP: 13/24 MP: 3/3
  1666 | D:2      | Reached XP level 4. HP: 29/29 MP: 4/4
  2025 | D:2      | Reached skill level 1 in Armour
  2066 | D:2      | Reached XP level 5. HP: 34/34 MP: 5/5
  2469 | D:2      | Reached skill level 7 in Slings
  3152 | D:3      | Reached XP level 6. HP: 29/39 MP: 6/6
  3316 | D:3      | Found a shadowy altar of Dithmenos.
  3424 | D:3      | Found a faded altar of an unknown god.
  4465 | D:4      | Noticed Pikel
  4499 | D:3      | HP: 2/41 [Pikel/+2 whip of flaming (2)]
  4499 | D:3      | Slain by a lemure

Illustrated notes

Levels and vault maps discovered:
D:1:      tarquinn_simple_flora_water_b, layout_basic, hangedman_decor_opposing
D:2:      minmay_razor_zed, layout_loops_corners
D:3:      layout_rooms, grunt_dithmenos_smoke_and_mirrors,
          chequers_ecumenical_altar_island
D:4:      minmay_spotlight, layout_basic, general_overflow_altar,
          kennysheep_little_box, lightli_sewer_entry_pipes, uniq_duvessa,
          uniq_natasha, uniq_pikel

Skill      XL: |  1  2  3  4  5  6 |
---------------+-------------------+-----
Slings         | 6 7 |  7.8
Short Blades   | 1 2 3 4 |  4.0
Fighting       | 2 |  2.5
Armour         | 1 2 |  2.2
Stealth        | 2 |  2.0
Dodging        | 3 |  3.0

Action                   |  1- 3 |  4- 6 || total
-------------------------+-------+-------++-------
Melee: Short sword       |   113 |   214 ||   327
 Fire: Hunting sling     |    12 |   119 ||   131
  Use: Potion            |       |     6 ||     6
 Stab: Sleeping          |     3 |    10 ||    13
       Distracted        |       |     1 ||     1
Armor: Leather armour    |    30 |    59 ||    89
       Skin              |       |    44 ||    44
Dodge: Dodged            |    87 |   218 ||   305
